 Dungeon Sprint DCSS version 0.27.1-34-g3ba077fa99 (webtiles) character file.

Game seed: 18240727696377224072

25 chmiii the Chucker (level 2, -10/29 HPs)
             Began as a Troll Hunter on Jan 30, 2022.
             Mangled by an ogre (28 damage)
             ... in the Dungeon (Sprint I: "Red Sonja").
             The game lasted 00:00:58 (19 turns).

chmiii the Chucker (Troll Hunter)                     Turns: 19, Time: 00:00:59

Health: -10/29     AC:  4    Str: 19    XL:     2   Next: 82%
Magic:  1/1        EV: 10    Int:  7    God:
Gold:   0          SH:  0    Dex: 10    Spells: 1/1 levels left

rFire    . . .     SeeInvis .   (no weapon)
rCold    . . .     Faith    .   (no shield)
rNeg     . . .     Spirit   .   b - +0 robe
rPois    .         Reflect  .   (helmet restricted)
rElec    .         Harm     .   (no cloak)
rCorr    .         Rampage  .   (gloves unavailable)
Will     .....     NoTele   +   (boots unavailable)
Stlth    +.........             (no amulet)
HPRegen  1.09/turn              (no ring)
MPRegen  0.07/turn              (no ring)

@: no status effects
A: large, unfitting armour, claws 3, regeneration 1, shaggy fur 1, tough skin 1
a: no special abilities


You were in the Dungeon.
You visited 1 branch

Inventory:

Missiles
 c - 3 large rocks (quivered)
 d - 2 throwing nets
Armour
 b - a +0 robe (worn)
Scrolls
 j - a scroll of blinking
Potions
 e - a potion of curing
 f - a potion of heal wounds
 g - a potion of haste
 h - 2 potions of magic
 i - a potion of berserk rage


   Skills:
 + Level 2.8 Fighting
 * Level 3.4 Maces & Flails
 - Level 3.6 Throwing
 + Level 2.8 Dodging
 - Level 0.3 Stealth


You had one spell level left.
You didn't know any spells.
Your spell library was empty.

Dungeon Overview and Level Annotations

Branches:
Dungeon (1/1)

Altars:


Innate Abilities, Weirdness & Mutations

You are too large for most types of armour.
You have claws for hands.
Your natural rate of healing is unusually fast.
You are covered in fur. (AC +1)
You have tough skin. (AC +1)


Message History

Ijyb barely misses you.
You closely miss Ijyb.
Ijyb is almost dead.
Ijyb screams, "It's all mine!"
Ijyb closely misses you.
You scratch Ijyb but do no damage.
Ijyb is severely wounded.
Ijyb hits you with a +0 club.
You scratch Ijyb but do no damage.
Ijyb is severely wounded.
Ijyb hits you but does no damage.
You claw Ijyb!
You kill Ijyb!
Your Fighting skill increases to level 2!
Your Maces & Flails skill gained 3 levels and is now at level 3!
Your Dodging skill increases to level 2!
You have reached level 2!
c - 4 large rocks (gained 1)
Things that are here:
a +0 club; a +4 ring mail; the goblin corpse of Ijyb
There is an open door here.
c - 5 large rocks (gained 1)
You open the door.
An ogre comes into view. It is wielding a +0 giant club.
The ogre shouts!
Throw: 5 large rocks
Press: ? - help, Q - select action, (/) - cycle Shift-Dir - straight line, f - ogre
Aim: an ogre, wielding a +0 giant club (73% to hit)
You throw a large rock. The large rock hits the ogre.
The ogre is moderately wounded.
The ogre hits you with a +0 giant club!
Throw: 4 large rocks
Press: ? - help, Q - select action, (/) - cycle Shift-Dir - straight line, f/p - ogre
Aim: an ogre, wielding a +0 giant club (moderately wounded, 73% to hit)
You throw a large rock.
The large rock hits the ogre but does no damage.
The ogre is moderately wounded.
The ogre hits you with a +0 giant club!!
Ouch! That really hurt!
You die...

##########
#<.#.@O(.#
#..'..#..+
#.)#### +#
#..# #..#
#..# #⌠⌠#
####


You could see an ogre.

Vanquished Creatures
  Ijyb (D)
1 creature vanquished.

Notes
Turn   | Place    | Note
-------+----------+-------------------------------------------
     0 | D        | chmiii the Troll Hunter began the quest for the Orb.
     0 | D        | Reached XP level 1. HP: 19/19 MP: 0/0
     2 | D        | Noticed Ijyb
    10 | D        | Killed Ijyb
    11 | D        | Reached XP level 2. HP: 29/29 MP: 1/1
    17 | D        | Noticed an ogre
    19 | D        | Mangled by an ogre

Illustrated notes

Levels and vault maps discovered:
D:        dungeon_sprint_1 [red_sonja_temple_1, red_sonja_temple_small_1]

Skill      XL: |  1 |
---------------+----+-----
Fighting       | 2 |  2.8
Maces & Flails | 3 |  3.4
Dodging        | 2 |  2.8
Throwing       | |  3.6
Stealth        | |  0.3

Action                   || total
-------------------------++-------
Melee: Unarmed           ||     5
Throw: Large rock        ||     4
Armor: Robe              ||     2
Dodge: Dodged            ||     2
